AoeStats
← TowbarFitterExpress

Nomad

503762423Analyzed
4v4 RM · 28d ago on Sep 2, 2026· 73m 28s· 8 players
Game mode
Random Map
Map size
231×231
Population
200
Speed
Normal
Resources
Standard
Victory
Conquest
Starting age
Dark Age
Ending age
Imperial Age
RankedLock teamsTeams togetherTeam positionsShared explorationLock speedFull tech treeHidden civsTurbo modeCheats
Victory
Defeat
🇺🇸 Spanish · United States
1011
+13
🇦🇷 Magyars · Argentina
978
+14
🇩🇪 Huns · Germany
954
+15
🇨🇳 Mongols · China
948
+15
🇨🇳 Poles · China
968
-16
🇦🇺 Celts · Australia
958
-15
🇹🇭 Huns · Thailand
928
-14
🇹🇭 Teutons · Thailand
889
-12
Tio Nacho
14:31 Feudal Age
14:53 Fishing Lines
16:00 Wheelbarrow
17:38 Town Watch
21:56 Castle Age
21:45 Bloodlines
22:49 Gillnets
24:41 Loom
25:23 Scale Barding Armor
25:12 Gold Mining
32:21 Hand Cart
36:11 Imperial Age
34:35 Double-Bit Axe
37:26 Ballistics
36:32 Heavy Cavalry Archer
37:39 Parthian Tactics
42:46 Fletching
42:58 Padded Archer Armor
44:44 Bodkin Arrow
49:29 Chemistry
49:18 Recurve Bow
50:37 Bracer
50:52 Leather Archer Armor
55:51 Conscription
56:43 Ring Archer Armor
60:28 Husbandry
jphilkill
3:36 Loom
16:57 Feudal Age
18:16 Wheelbarrow
17:29 Double-Bit Axe
17:42 Gold Mining
23:25 Castle Age
22:42 Stone Mining
25:19 Medium Warships
24:50 Fishing Lines
25:28 Horse Collar
27:36 Gillnets
29:12 Demolition Ship
30:39 Gold Shaft Mining
31:03 Hand Cart
30:50 Heavy Plow
31:04 Forging
30:59 Scale Barding Armor
30:55 Scale Mail Armor
30:56 Padded Archer Armor
30:46 Fletching
30:58 Husbandry
31:10 Bloodlines
31:02 Squires
30:23 Pikeman
39:39 Imperial Age
37:31 Marauders
44:56 Chain Mail Armor
45:17 Iron Casting
46:18 Chain Barding Armor
47:45 Bow Saw
47:01 Halberdier
49:04 Plate Barding Armor
49:29 Blast Furnace
51:38 Conscription
51:35 Elite Tarkan
55:51 Chemistry
56:50 Ballistics
59:29 Leather Archer Armor
59:09 Bodkin Arrow
59:28 Murder Holes
61:31 Elite Skirmisher
62:17 Thumb Ring
62:13 Bracer
76561198262937210
4:42 Loom
15:14 Feudal Age
17:08 Wheelbarrow
16:25 Double-Bit Axe
16:25 Horse Collar
18:20 Scale Barding Armor
18:26 Forging
22:11 Bloodlines
29:32 Castle Age
34:39 Castle Age
38:29 Hand Cart
49:39 Imperial Age
49:49 Stone Mining
49:49 Gold Mining
51:32 Stone Shaft Mining
51:22 Husbandry
52:34 Heavy Plow
53:51 Gold Shaft Mining
54:02 Bow Saw
55:10 Padded Archer Armor
55:00 Fletching
56:08 Conscription
55:09 Elite Mangudai
56:16 Nomads
56:50 Thumb Ring
58:02 Parthian Tactics
57:57 Leather Archer Armor
57:37 Bodkin Arrow
59:35 Bracer
60:42 Chemistry
59:40 Murder Holes
62:02 Ballistics
61:48 Siege Engineers
63:57 Fortified Wall
63:58 Masonry
63:15 Light Cavalry
64:19 Chain Barding Armor
64:34 Iron Casting
ImLiterallyTime
13:48 Feudal Age
15:40 Loom
18:51 Castle Age
17:14 Stone Mining
17:52 Town Watch
18:40 Fletching
20:51 Double-Bit Axe
21:27 Horse Collar
22:20 Bodkin Arrow
28:53 Murder Holes
30:47 Bow Saw
31:48 Ballistics
32:46 Wheelbarrow
32:58 Pikeman
33:58 Gold Mining
36:09 Scale Mail Armor
36:21 Forging
36:13 Padded Archer Armor
37:51 Chain Mail Armor
37:40 Padded Archer Armor
50:48 Hand Cart
58:16 Husbandry
58:26 Bloodlines
66:31 Imperial Age
Cody
15:49 Feudal Age
16:38 Loom
21:18 Castle Age
19:44 Horse Collar
20:28 Double-Bit Axe
22:59 Forging
24:10 Wheelbarrow
25:05 Gold Mining
26:15 Scale Barding Armor
29:17 Chain Barding Armor
34:18 Pikeman
39:26 Imperial Age
37:53 Heavy Plow
41:08 Conscription
40:26 Halberdier
42:16 Scale Mail Armor
43:11 Hand Cart
43:26 Squires
44:08 Iron Casting
48:38 Elite Teutonic Knight
54:04 Bow Saw
53:58 Onager
54:37 Town Watch
58:33 Siege Engineers
74:16 Ballistics
Zozimbo
3:53 Loom
18:04 Feudal Age
19:20 Fishing Lines
20:01 Double-Bit Axe
20:08 Gold Mining
20:13 Stone Mining
20:35 Scale Barding Armor
20:41 Forging
23:36 Castle Age
22:23 Bloodlines
24:18 Husbandry
25:21 Medium Warships
25:02 Gillnets
25:02 Light Cavalry
27:29 Pikeman
28:10 Squires
34:03 Demolition Ship
45:36 Gold Shaft Mining
70:22 Chain Barding Armor
70:38 Iron Casting
74:33 Imperial Age
浩
14:00 Feudal Age
12:16 Loom
20:43 Castle Age
19:40 Double-Bit Axe
22:47 Forging
23:32 Loom
38:55 Town Watch
42:35 Szlachta Privileges
43:29 Horse Collar
44:08 Bow Saw
46:38 Heavy Plow
53:03 Imperial Age
51:53 Bloodlines
51:44 Husbandry
53:46 Iron Casting
53:17 Scale Barding Armor
57:44 Cavalier
59:06 Conscription
59:09 Lechitic Legacy
58:15 Light Cavalry
60:02 Blast Furnace
59:23 Chain Barding Armor
60:18 Wheelbarrow
59:42 Gold Mining
59:43 Stone Mining
59:26 Winged Hussar
61:26 Crop Rotation
TowbarFitterExpress
7:18 Loom
14:57 Feudal Age
17:21 Fishing Lines
18:59 Double-Bit Axe
22:54 Castle Age
21:36 Stone Mining
21:29 Horse Collar
23:19 Wheelbarrow
22:29 Town Watch
22:59 Scale Mail Armor
25:10 Pikeman
26:33 Forging
27:18 Gold Mining
31:59 Bow Saw
31:50 Heavy Plow
32:12 Gambesons
35:08 Hand Cart
36:11 Chain Mail Armor
43:17 Imperial Age
43:32 Iron Casting
42:47 Fletching
43:38 Gold Shaft Mining
43:29 Capped Ram
46:08 Plate Mail Armor
46:39 Blast Furnace
45:01 Halberdier
46:01 Siege Ram
47:58 Conscription
49:25 Onager
Connection lost

Rejoining the realm…

Still unreachable

The connection could not be restored.

Session expired

The server has moved on; the page needs a fresh start.